 Dungeon Crawl Stone Soup version 0.28.0-43-g3370ac3207 (webtiles) character file.

Game seed: 11563435962482578163

103 Arcadio the Shooter (level 5, -1/32 HPs)
             Began as a Kobold Hunter on Mar 3, 2022.
             Killed by nerve-wracking pain
             ... invoked by Grinder
              (9 damage)
             ... while paralysed by Grinder
             ... on level 3 of the Dungeon.
             The game lasted 00:07:47 (3959 turns).

Arcadio the Shooter (Kobold Hunter)                 Turns: 3959, Time: 00:07:47

Health: -1/32      AC:  3    Str:  9 (11) XL:     5   Next: 6%
Magic:  5/5        EV:  3    Int: 10 (13) God:
Gold:   173        SH:  0    Dex: 19 (21) Spells: 4/4 levels left

rFire   + . .      SeeInvis .   a - +1 shortbow
rCold   x . .      Faith    .   (shield currently unavailable)
rNeg    . . .      Spirit   .   c - +0 leather armour
rPois   .          Reflect  .   (no helmet)
rElec   .          Harm     .   (no cloak)
rCorr   .          Rampage  .   (no gloves)
Will    .....                   (no boots)
Stlth   +++.......              (no amulet)
HPRegen 0.10/turn               h - +6 ring of dexterity
MPRegen 0.09/turn               f - ring of fire

@: paralysed, mighty
A: small, no large weapons, nightstalker 3
a: no special abilities


You were on level 3 of the Dungeon.
You visited 1 branch of the dungeon, and saw 3 of its levels.

You collected 173 gold pieces.

Inventory:

Hand Weapons
 a - a +1 shortbow (weapon)
 b - a +0 short sword
 i - a +0 war axe
Missiles
 d - 42 arrows (quivered ammo)
Armour
 c - a +0 leather armour (worn)
 e - a +0 kite shield
 m - the +0 scale mail "Gunauqu" {rElec rCorr Str-5}
   (You found it on level 3 of the Dungeon)

   Str:       It affects your strength (-5).
   rElec:     It insulates you from electricity.
   rCorr:     It protects you from acid and corrosion.
Jewellery
 f - a ring of fire (right hand)
 h - a +6 ring of dexterity (left hand)
 l - a +6 ring of intelligence
Wands
 k - a wand of acid (7)
Scrolls
 n - a scroll of identify {unknown}


   Skills:
 + Level 3.5 Fighting
 + Level 4.8 Bows
 + Level 3.8 Dodging
 - Level 1.3 Stealth


You had 4 spell levels left.
You didn't know any spells.
Your spell library contained the following spells:

 Spells                   Type           Power      Damage    Failure   Level
 Ensorcelled Hibernation  Hex/Ice        0%         N/A       63%         2
 Spider Form              Tmut/Pois      0%         N/A       85%         3
 Anguish                  Hex/Necr       0%         N/A       99%         4


Dungeon Overview and Level Annotations

Branches:
Dungeon (3/15)

Altars:
Qazlal

Annotations:
D:3 Grinder


Innate Abilities, Weirdness & Mutations

You are small and have problems with some larger weapons.
You are completely attuned to the shadows.


Message History

It was a potion of might.
You feel very mighty all of a sudden. Grinder barely misses you.
You barely miss Grinder. Grinder gestures at you.
Pain shoots through your body!
* * * LOW HITPOINT WARNING * * *
You barely miss Grinder.
Grinder blinks!
a - a +1 shortbow (weapon)
Grinder zaps a wand.
The puff of flame hits you. You resist.
* * * LOW HITPOINT WARNING * * *
Fire: 46 arrows
Press: ? - help, Q - select action, (/) - cycle Shift-Dir - straight line, f - Grinder
Aim: Grinder, carrying a wand of flame (20) (62% to hit)
You shoot an arrow.
The arrow hits Grinder but does no damage.
Grinder blinks!
Fire: 45 arrows
Press: ? - help, Q - select action, (/) - cycle Shift-Dir - straight line, f/p - Grinder
Aim: Grinder, carrying a wand of flame (20) (62% to hit)
You shoot an arrow. The arrow hits Grinder.
Grinder is lightly wounded.
Fire: 44 arrows
Press: ? - help, Q - select action, (/) - cycle Shift-Dir - straight line, f/p - Grinder
Aim: Grinder, carrying a wand of flame (20) (lightly wounded, 62% to hit)
You shoot an arrow. The arrow hits Grinder!
Grinder is moderately wounded.
Fire: 43 arrows
Press: ? - help, Q - select action, (/) - cycle Shift-Dir - straight line, f/p - Grinder
Aim: Grinder, carrying a wand of flame (20) (moderately wounded, 62% to hit)
You shoot an arrow.
The arrow hits Grinder but does no damage.
Grinder is moderately wounded.
Grinder says, "At least Makhleb appreciates what I'm doing."
Grinder gestures at you.
You suddenly lose the ability to move!
Grinder says, "Mostly I couldn't keep them alive."
Grinder gestures at you. Pain shoots through your body!
You die...

#..†..... .......##
######### ##.....#.
#....... ....... ...#
....#.. #####(...
....#.. #...(..(. ##
#.. #...5.... ..>
#...@.... ....
#.......#.#
##.......#... .....
#.....................
#.....................
#.....................
#.....................
#....##...............
#....##.....##########


You could see Grinder.

Vanquished Creatures
  4 adders
  A worm (D:3)
  2 dart slugs (D:3)
  5 bats
  9 endoplasms
  3 giant cockroaches
  5 goblins
  5 hobgoblins
  8 jackals (D:2)
  3 kobolds (D:1)
  2 ball pythons (D:1)
  7 frilled lizards
  A rat (D:3)
55 creatures vanquished.

Vanquished Creatures (others)
  14 plants (D:2)
14 creatures vanquished.

Grand Total: 69 creatures vanquished

Notes
Turn   | Place    | Note
-------+----------+-------------------------------------------
     0 | D:1      | Arcadio the Kobold Hunter began the quest for the Orb.
     0 | D:1      | Reached XP level 1. HP: 12/12 MP: 1/1
   138 | D:1      | Reached XP level 2. HP: 4/18 MP: 2/2
   977 | D:1      | Reached XP level 3. HP: 22/22 MP: 3/3
  1504 | D:2      | Found a stormy altar of Qazlal.
  1753 | D:2      | Reached XP level 4. HP: 18/28 MP: 4/4
  2106 | D:2      | Found a faded altar of an unknown god.
  2813 | D:3      | Noticed a bullfrog
  3128 | D:3      | Noticed Grinder
  3528 | D:3      | Reached XP level 5. HP: 13/32 MP: 5/5
  3912 | D:3      | Identified the +0 scale mail "Gunauqu" {rElec rCorr Str-5}
  3958 | D:3      | Paralysed by Grinder for 4 turns
  3959 | D:3      | Killed from afar by Grinder

Illustrated notes

Levels and vault maps discovered:
D:1:      psy_arrival_statuary, layout_basic, minmay_fountain_box,
          minmay_surrounded
D:2:      layout_rooms, serial_forest, infiniplex_forest_clump_cross,
          infiniplex_forest_corner_1, infiniplex_forest_straight_2,
          infiniplex_forest_clump_C, infiniplex_forest_clump_curved,
          infiniplex_forest_clump_large, infiniplex_forest_clump_long,
          infiniplex_forest_straight_2, basic_ecumenical_altar, basic_altar
D:3:      layout_basic, uniq_grinder

Skill      XL: |  1  2  3 |
---------------+----------+-----
Dodging        | 3 |  3.8
Fighting       | 3 |  3.5
Bows           | |  4.8
Stealth        | |  1.3

Action                   |  1- 3 |  4- 6 || total
-------------------------+-------+-------++-------
Melee: Short sword       |   119 |    98 ||   217
       Punch             |       |     2 ||     2
 Fire: Shortbow          |     3 |     8 ||    11
  Use: Scroll            |       |     1 ||     1
       Potion            |       |     2 ||     2
 Stab: Sleeping          |    12 |     7 ||    19
       Distracted        |       |     2 ||     2
Armor: Leather armour    |    27 |    14 ||    41
Dodge: Dodged            |    74 |    67 ||   141
